 Dungeon Crawl Stone Soup version 0.20-a0-623-gaf3b657 (webtiles) character file.

112 Laan the Cutter (level 5, -1/48 HPs)
             Began as a Kobold Berserker on Feb 10, 2017.
             Was a Believer of Trog.
             Slain by Natasha (8 damage)
             ... on level 2 of the Dungeon.
             The game lasted 00:03:43 (1166 turns).

Laan the Cutter (Kobold Berserker)                  Turns: 1166, Time: 00:03:45

Health: -1/48      AC:  3    Str: 19    XL:     5   Next: 16%
Magic:  5/5        EV: 16    Int:  8    God:    Trog [**....]
Gold:   56         SH:  0    Dex: 16    Spells: 4/4 levels left

rFire    . . .     SeeInvis .   m - +2 dagger (pain)
rCold    . . .     Gourm    .   b - +0 animal skin
rNeg     . . .     Faith    .   (shield restricted)
rPois    .         Spirit   .   o - +0 helmet
rElec    .         Reflect  .   (no cloak)
rCorr    .         Harm     .   (no gloves)
MR       .....                  (no boots)
Stlth    ..........             (no amulet)
Regen    0.2/turn               (no ring)
                                i - ring of stealth

@: berserking, very quick
A: carnivore 3
a: Berserk, Trog's Hand, Burn Spellbooks, Renounce Religion


You were on level 2 of the Dungeon.
You worshipped Trog.
Trog was pleased with you.
You were very full.

You visited 1 branch of the dungeon, and saw 2 of its levels.

You collected 56 gold pieces.

Inventory:

Hand Weapons
 a - a +0 short sword
 m - a +2 dagger of pain (weapon)
Armour
 b - a +0 animal skin (worn)
 o - a +0 helmet (worn)
Jewellery
 i - a ring of stealth (left hand)
Scrolls
 f - a scroll of recharging {unknown}
 j - 2 scrolls of identify {unknown}
 p - a scroll of immolation {unknown}
Potions
 d - a potion of magic {unknown}
 e - 3 potions of mutation {unknown}
 g - 2 potions of might {unknown}
 h - 2 potions of brilliance {unknown}
 k - 2 potions of agility {unknown}
 l - a potion of invisibility
Comestibles
 c - a meat ration
 n - 2 chunks of flesh


   Skills:
 - Level 3.2 Fighting
 * Level 5.5 Short Blades
 - Level 1.5 Armour
 + Level 3.4 Dodging
 + Level 3.7 Stealth


You had 4 spell levels left.
You didn't know any spells.

Dungeon Overview and Level Annotations

Branches:
Dungeon (2/15)

Altars:

Annotations:
D:2 Natasha


Innate Abilities, Weirdness & Mutations

You are small and have problems with some larger weapons.
You are carnivorous and can eat meat at any time.


Message History

The worm is heavily wounded.
You hit the worm.
The worm is heavily wounded.
The worm bites you.
* * * LOW HITPOINT WARNING * * *
You feel yourself speed up.
You feel less exhausted.
You aren't carrying any items that you can evoke.
Found a stone staircase leading down.
Natasha, Servant of Life and Death comes into view.
Natasha hisses angrily.
Natasha mumbles some strange words.
A red film seems to cover your vision as you go berserk!
You feel yourself moving faster!
You feel mighty!
Natasha drinks a potion.
Natasha flickers and vanishes!
Deactivating autopickup; reactivate with Ctrl-A.
You feel a strong urge to attack something.
The crimson imp blinks!
You puncture something! Something claws you!
You die...

#..##.#
#.##.....#.
##.##.#
#.######...
#.##.# #.#
##.# #.##.#
#.# #.#
#.##5# #..
..# #.##.#
## #...
###.##>#
#.##
#...##.# #.
#.####@# #.
#.# #.# #.#
#.# #.# #.#
#.# #.# #.#
#.# #.# #.#
#.#
##w#######
#.#
#......w.#


You could see a worm and a crimson imp.

Vanquished Creatures
  Natasha (twice) (D:2)
  Robin (D:2)
  An ooze (D:1)
  A worm (D:2)
  3 bats
  A giant cockroach (D:2)
  9 goblins
  11 hobgoblins
  2 jackals (D:1)
  3 kobolds (D:1)
  4 frilled lizards
  4 rats (D:1)
42 creatures vanquished.

Notes
Turn   | Place    | Note
-------+----------+-------------------------------------------
     0 | D:1      | Laan the Kobold Berserker began the quest for the Orb.
     0 | D:1      | Reached XP level 1. HP: 14/14 MP: 1/1
   108 | D:1      | Reached skill level 1 in Stealth
   117 | D:1      | Reached XP level 2. HP: 15/19 MP: 2/2
   719 | D:1      | Reached XP level 3. HP: 23/23 MP: 3/3
   838 | D:2      | Reached ** piety under Trog
   852 | D:2      | Noticed Robin
   855 | D:2      | Killed Robin
   855 | D:2      | Reached skill level 5 in Short Blades
   857 | D:2      | Reached XP level 4. HP: 28/28 MP: 4/4
  1037 | D:2      | Noticed Natasha
  1040 | D:2      | Killed Natasha
  1104 | D:2      | Noticed Natasha
  1113 | D:2      | Killed Natasha
  1113 | D:2      | Reached XP level 5. HP: 27/32 MP: 5/5
  1161 | D:2      | Noticed Natasha
  1166 | D:2      | Slain by Natasha

Vault maps used:
D:1:      lemuel_arrival_rhombus
D:2:      uniq_natasha, uniq_robin

Skill      XL: |  1  2  3  4 |
---------------+-------------+-----
Stealth        | 1 2 3 |  3.7
Short Blades   | 5 |  5.5
Dodging        | 3 |  3.4
Fighting       | |  3.2
Armour         | |  1.5

Action                   |  1- 3 |  4- 6 || total
-------------------------+-------+-------++-------
Melee: Short sword       |    58 |       ||    58
       Dagger            |    38 |    31 ||    69
Invok: Berserk           |     1 |     2 ||     3
 Stab: Sleeping          |     4 |     4 ||     8
  Eat: Chunk             |     8 |     3 ||    11
Armor: Animal skin       |     8 |     1 ||     9
Dodge: Dodged            |    54 |     9 ||    63
